 Dungeon Crawl Stone Soup version 0.27-a0-1590-g15f69828bf (webtiles) character file.

Game seed: 14503095895584710484

26 HoaS the Insei (level 2, -1/23 (24) HPs)
             Began as a Demigod Gladiator on July 18, 2021.
             Slain by Terence (2 damage)
             ... on level 2 of the Dungeon.
             The game lasted 00:02:20 (1501 turns).

HoaS the Insei (Demigod Gladiator)                  Turns: 1501, Time: 00:02:20

HP:   -1/23 (24)    AC:  4    Str: 15    XL:     2   Next: 69%
MP:   4/4           EV: 12    Int: 10    God:
Gold: 36            SH:  0    Dex: 15    Spells: 1/1 levels left

rFire    . . .     SeeInvis .     - Unarmed
rCold    . . .     Faith    .   (no shield)
rNeg     . . .     Spirit   .   a - +0 leather armour
rPois    .         Reflect  .   b - +0 helmet
rElec    .         Harm     .   (no cloak)
rCorr    .         Rampage  .   (no gloves)
Will     .....                  (no boots)
Stlth    +.........             (no amulet)
HPRegen  0.07/turn              (no ring)
MPRegen  0.09/turn              (no ring)

@: lightly drained
A: high mp 1, forlorn
a: no special abilities


You were on level 2 of the Dungeon.
You visited 1 branch of the dungeon, and saw 2 of its levels.

You collected 36 gold pieces.

Inventory:

Missiles
 c - 2 throwing nets (quivered)
Armour
 a - a +0 leather armour (worn)
 b - a +0 helmet (worn)
Scrolls
 d - a scroll of fog
 f - 2 scrolls of identify
 g - a scroll of fear {unknown}
 h - a scroll of enchant weapon {unknown}
Potions
 e - a potion of lignification


   Skills:
 - Level 1.7 Fighting
 - Level 1.7 Throwing
 - Level 2.6 Dodging
 + Level 3.8 Unarmed Combat


You had one spell level left.
You didn't know any spells.
Your spell library was empty.

Dungeon Overview and Level Annotations

Branches:
Dungeon (2/15)

Annotations:
D:2 Terence


Innate Abilities, Weirdness & Mutations

Your attributes grow dramatically as you level up.
You have an increased reservoir of magic. (+10% MP)
You shall have no god before yourself.


Message History

You barely miss the quokka. The quokka bites you.
You miss the quokka.
The quokka bites you but does no damage.
You miss the quokka. The quokka misses you.
You hit the quokka.
The quokka is moderately wounded.
The quokka bites you.
You closely miss the quokka.
The quokka is moderately wounded.
The quokka bites you.
You hit the quokka.
The quokka is heavily wounded.
The quokka bites you but does no damage.
You closely miss the quokka.
The quokka is heavily wounded.
The quokka bites you. The quokka completely misses you.
You hit the quokka but do no damage.
The quokka is heavily wounded.
The quokka bites you.
You hit the quokka but do no damage.
The quokka is heavily wounded.
The quokka barely misses you.
You hit the quokka.
You kill the quokka!
You closely miss the frilled lizard.
The frilled lizard bites you but does no damage.
You hit the frilled lizard.
You kill the frilled lizard!
You hit Terence but do no damage. You punch Terence, but do no damage.
Terence barely misses you.
You are too injured to fight recklessly!
Throw: 3 throwing nets
Press: ? - help, Shift-Dir - straight line, f/p - Terence
Aim: Terence, wielding a +2 mace of draining and wearing a +0 chain mail (65% to hit)
You throw a throwing net.
The throwing net closely misses Terence.
Terence hits you with a +2 mace of draining!
* * * LOW HITPOINT WARNING * * *
You feel drained.
You die...

...# ....# .... .. #..
..#### #.# .#####.#.. . #
#.. .......#.# ..##. #.
.......#@# .....###.
J@.....#@##### #........
.......#.....## #........
...@...'(.....# #.....†..
.......#####..# #........
....... #..###########
.......#####..#..........
#...####......#.##.......
#... #......#..+.......


You could see Terence.

Vanquished Creatures
  2 ball pythons
  A bat (D:1)
  5 endoplasms
  2 goblins (D:1)
  2 hobgoblins
  2 kobolds
  3 quokkas
  2 frilled lizards
  3 rats
22 creatures vanquished.

Notes
Turn   | Place    | Note
-------+----------+-------------------------------------------
     0 | D:1      | HoaS the Demigod Gladiator began the quest for the Orb.
     0 | D:1      | Reached XP level 1. HP: 17/17 MP: 3/3
   308 | D:1      | Reached skill level 3 in Unarmed Combat
   494 | D:1      | Reached XP level 2. HP: 12/24 MP: 4/4
  1482 | D:2      | Noticed Terence
  1501 | D:2      | HP: 1/24 [Terence (7)]
  1501 | D:2      | Slain by Terence

Illustrated notes

Levels and vault maps discovered:
D:1:      eino_arrival_cavern_a, layout_basic,
          hellmonk_ecumenical_altar_crossroads
D:2:      layout_basic, minivault_19, kennysheep_generic_room_6, uniq_terence

Skill      XL: |  1 |
---------------+----+-----
Unarmed Combat | 3 |  3.8
Fighting       | |  1.7
Throwing       | |  1.7
Dodging        | |  2.6

Action                   || total
-------------------------++-------
Melee: Unarmed           ||    87
       Punch             ||     1
Throw: Throwing net      ||     1
  Use: Scroll            ||     2
 Stab: Sleeping          ||     2
Armor: Leather armour    ||    25
Dodge: Dodged            ||    48

Table legend: (Time is in decaauts)
 A = Elapsed time spent in this place.
 B = Non-inter-level travel time spent in this place.
 C = Inter-level travel time spent in this place.
 D = Time resting spent in this place.
 E = Time spent auto-exploring this place.
 F = Levels seen in this place.
 G = Mean time per level.
                   A        B        C        D        E       F      G
               +--------+--------+--------+--------+--------+-----+--------+
         Total |   1495 |   1473 |     22 |    549 |    771 |   2 |  747.5 |
       Dungeon |   1495 |   1473 |     22 |    549 |    771 |   2 |  747.5 |
               +--------+--------+--------+--------+--------+-----+--------+

Top non-repeatable levels by time:
     D:1: 1158 daAuts
     D:2: 337 daAuts
